 Dungeon Crawl Stone Soup version 0.28-a0-957-g42eb19b844 (webtiles) character file.

Game seed: 11605823316354751997

2220 porpoise the Magician (level 9, -1/50 HPs)
             Began as a Deep Elf Conjurer on Dec 1, 2021.
             Shot with an arrow by a centaur (15 damage)
             ... on level 7 of the Dungeon.
             The game lasted 00:24:34 (7859 turns).

porpoise the Magician (Deep Elf Conjurer)           Turns: 7859, Time: 00:24:35

Health: -1/50      AC:  5    Str:  6    XL:     9   Next: 13%
Magic:  18/22      EV: 12    Int: 32    God:
Gold:   247        SH:  0    Dex: 13    Spells: 12/23 levels left

rFire   . . .      SeeInvis .   b - +0 hunting sling
rCold   + . .      Faith    .   (no shield)
rNeg    . . .      Spirit   .   f - +0 robe
rPois   .          Reflect  .   (no helmet)
rElec   .          Harm     .   (no cloak)
rCorr   .          Rampage  .   z - +2 pair of gloves
Will    .....                   (no boots)
Stlth   +++.......              (no amulet)
HPRegen 0.16/turn               u - ring of protection from cold
MPRegen 0.18/turn               q - +6 ring of intelligence

@: no status effects
A: no striking features
a: no special abilities


You were on level 7 of the Dungeon.
You visited 1 branch of the dungeon, and saw 7 of its levels.
You also visited: Sewer.

You collected 349 gold pieces.
You spent 102 gold pieces at shops.

Inventory:

Hand Weapons
 a - a +0 short sword of protection
 b - a +0 hunting sling (weapon)
Missiles
 m - 81 sling bullets
 o - 3 throwing nets
 r - 3 boomerangs of dispersal
 s - a boomerang
 v - 5 javelins
 D - 223 stones (quivered ammo)
Armour
 f - a +0 robe (worn)
 w - the +1 robe of Patience {Harm Drain rF+ Regen+}
   (You bought it in a shop on level 5 of the Dungeon)

   rF:        It protects you from fire.
   Regen:     It increases your rate of health regeneration.
   Drain:     It drains your maximum health when unequipped.
   Harm:      It increases damage dealt and taken.
 z - a +2 pair of gloves (worn)
Magical Staves
 l - a staff of fire
Jewellery
 j - a +6 ring of strength
 q - a +6 ring of intelligence (right hand)
 u - a ring of protection from cold (left hand)
Wands
 x - a wand of acid (4)
 E - a wand of polymorph (5)
Scrolls
 c - 5 scrolls of fog
 g - 2 scrolls of identify
 p - a scroll of enchant weapon
 y - 2 scrolls of teleportation {unknown}
 A - a scroll of amnesia {unknown}
 C - 2 scrolls of blinking {unknown}
 F - a scroll of acquirement {unknown}
 H - a scroll of torment {unknown}
 I - a scroll of holy word {unknown}
Potions
 d - 4 potions of curing
 e - a potion of mutation
 h - 2 potions of brilliance
 i - 2 potions of cancellation
 k - a potion of berserk rage
 n - 2 potions of haste
 t - a potion of invisibility
 B - 2 potions of attraction {unknown}
 G - a potion of degeneration {unknown}


   Skills:
 + Level 3.0 Fighting
 - Level 2.4 Dodging
 - Level 7.0 Stealth
 + Level 7.7 Spellcasting
 - Level 7.0 Conjurations
 - Level 7.0 Hexes
 - Level 5.0 Translocations


You had 12 spell levels left.
You knew the following spells:

 Your Spells              Type           Power      Damage    Failure   Level
a - Magic Dart            Conj           100%       1d8       1%          1
b - Searing Ray           Conj           100%       2d8       1%          2
c - Fulminant Prism       Conj/Hex       27%        3d14      2%          4
d - Iskenderun's Mystic   Conj/Tloc      50%        2d11      3%          4

Your spell library contained the following spells:

 Spells                   Type           Power      Damage    Failure   Level
 Apportation              Tloc           88%        N/A       1%          1
 Ensorcelled Hibernation  Hex/Ice        68%        N/A       1%          2
 Dazzling Flash           Conj/Hex       100%       N/A       1%          3
 Animate Skeleton         Necr           24%        N/A       3%          1
 Summon Small Mammal      Summ           48%        N/A       3%          1
 Spider Form              Tmut/Pois      12%        N/A       12%         3


Dungeon Overview and Level Annotations

Branches:
Dungeon (7/15)             Temple (0/1) D:7           Sewer (visited)

Altars:
Ashenzari
Fedhas
Gozag
Hepliaklqana
Okawaru
Qazlal
Ru
Uskayaw
Wu Jian
Xom
The Shining One

Shops:
D:5 [


Message History

Aiming: Searing Ray (safe; 1% risk of failure)
Press: ? - help, Shift-Dir - straight line, f/p - jelly
Aim: a jelly (lightly wounded, 100% to hit)
The searing ray hits the jelly!
The jelly is almost dead. (Press . to maintain the ray.) Unknown command.
The searing ray hits the jelly.
You kill the jelly!
Your Fighting skill increases to level 3!
You start resting.
Magic restored.
D - 222 stones (gained 1)
Found a mace.
D - 223 stones (gained 1)
You now have 238 gold pieces (gained 16).
You now have 247 gold pieces (gained 9).
A centaur comes into view.
Casting: Searing Ray (safe; 1% risk of failure)
Confirm with . or Enter, or press ? or * to list all spells.
Aiming: Searing Ray (safe; 1% risk of failure)
Press: ? - help, Shift-Dir - straight line, f - centaur
Aim: a centaur, quivering arrows (asleep, 100% to hit)
The searing ray hits the centaur.
The centaur is moderately wounded.
The centaur shouts! (Press . to maintain the ray.)
A hound comes into view.
The centaur wields a +0 shortbow.
The centaur shoots an arrow.
The arrow hits you.
The centaur shoots an arrow.
The arrow hits you!
The hound barks!
The searing ray hits the centaur!
The centaur is severely wounded.
The centaur shoots an arrow.
The arrow hits you!
The searing ray hits the centaur.
The centaur is severely wounded.
The centaur shoots an arrow.
The arrow hits you!
* * * LOW HITPOINT WARNING * * *
The centaur shoots an arrow.
The arrow hits you!
You die...

########## #........#
###.######.# ####
#.....# #.# ...
####.....####.###.######
............)...@.......
.###.....###.####.######
#.....###.## .#
###.........# .#
#....#####..# c# #.#.##
h# #.#.# .# .###.#.# ..
.......# ≈≈.#


You could see a centaur and a hound.

Vanquished Creatures
  A two-headed ogre (D:6)
  Grinder (D:5)
  Edmund (D:5)
  A water moccasin (Sewer)
  A black bear (D:6)
  A centaur (D:7)
  A bullfrog (D:3)
  A scorpion (D:4)
  A water moccasin zombie (D:6)
  A wyvern skeleton (D:7)
  3 killer bees (D:7)
  A howler monkey (D:5)
  A centaur zombie (D:6)
  2 jellies
  An orc priest (D:3)
  5 hounds
  A bullfrog skeleton (D:7)
  3 iguanas
  Ijyb (D:5)
  An orc wizard (D:3)
  8 gnolls
  5 adders
  A shadow imp (D:6)
  An adder skeleton (D:2)
  2 worms (D:4)
  2 dart slugs
  16 orcs
  2 ball pythons
  9 bats
  6 endoplasms
  3 giant cockroaches
  5 goblins
  6 hobgoblins
  2 jackals (D:4)
  5 kobolds
  3 quokkas
  3 frilled lizards (D:1)
  8 rats
116 creatures vanquished.

Vanquished Creatures (others)
  12 fulminant prisms
12 creatures vanquished.

Grand Total: 128 creatures vanquished

Notes
Turn   | Place    | Note
-------+----------+-------------------------------------------
     0 | D:1      | porpoise the Deep Elf Conjurer began the quest for the Orb.
     0 | D:1      | Reached XP level 1. HP: 10/10 MP: 6/6
    78 | D:1      | Reached XP level 2. HP: 15/15 MP: 3/8
    86 | D:1      | Learned a level 2 spell: Searing Ray
   954 | D:2      | Reached skill level 5 in Conjurations
   954 | D:2      | Reached XP level 3. HP: 19/19 MP: 7/10
  1160 | D:2      | Found a faded altar of an unknown god.
  1243 | D:2      | Found a shimmering altar of Xom.
  2015 | D:3      | Reached XP level 4. HP: 24/24 MP: 2/12
  2353 | D:3      | Reached skill level 5 in Spellcasting
  2642 | D:3      | Noticed a bullfrog
  2645 | D:3      | Killed a bullfrog
  2646 | D:3      | Reached XP level 5. HP: 28/28 MP: 10/15
  2684 | D:3      | Learned a level 4 spell: Fulminant Prism
  2689 | D:3      | Learned a level 4 spell: Iskenderun's Mystic Blast
  2884 | D:3      | Found a hazy altar of Hepliaklqana.
  3160 | D:4      | Reached skill level 1 in Hexes
  3411 | D:4      | Found a glowing drain.
  3456 | Sewer    | Entered a sewer
  3515 | Sewer    | Noticed a water moccasin
  3522 | Sewer    | Killed a water moccasin
  3523 | Sewer    | Reached XP level 6. HP: 28/32 MP: 9/17
  3711 | D:4      | Found an opulent altar of Gozag.
  3970 | D:4      | Found a stormy altar of Qazlal.
  4507 | D:4      | Reached XP level 7. HP: 23/36 MP: 8/19
  4836 | D:4      | Found a sacrificial altar of Ru.
  4904 | D:4      | Found a broken altar of Ashenzari.
  5006 | D:5      | Entered Level 5 of the Dungeon
  5012 | D:5      | Found Dill's Antique Armour Shop.
  5037 | D:5      | Bought a warped robe for 102 gold pieces
  5037 | D:5      | Identified the +1 robe of Patience {Harm Drain rF+ Regen+}
                  | (You bought it in a shop on level 5 of the Dungeon)
  5084 | D:5      | Noticed Ijyb
  5090 | D:5      | Killed Ijyb
  5316 | D:5      | Found a blossoming altar of Fedhas.
  5335 | D:5      | Reached skill level 1 in Translocations
  5513 | D:5      | Noticed Grinder
  5521 | D:5      | Killed Grinder
  5522 | D:5      | Reached skill level 5 in Stealth
  5522 | D:5      | Reached skill level 5 in Hexes
  5867 | D:5      | Noticed Edmund
  5881 | D:5      | Killed Edmund
  6097 | D:6      | Found an ornate altar of the Wu Jian Council.
  6119 | D:6      | Reached XP level 8. HP: 41/41 MP: 13/20
  6787 | D:6      | Found a glowing golden altar of the Shining One.
  6807 | D:6      | Found a hazy altar of Hepliaklqana.
  6807 | D:6      | Found a shimmering altar of Xom.
  6809 | D:6      | Found a sacrificial altar of Ru.
  6809 | D:6      | Found a shimmering altar of Xom.
  6809 | D:6      | Found a hide-covered altar of Uskayaw.
  6842 | D:6      | Found an iron altar of Okawaru.
  6965 | D:6      | Noticed a two-headed ogre
  6971 | D:6      | Killed a two-headed ogre
  6972 | D:6      | Reached skill level 5 in Translocations
  7344 | D:7      | Reached XP level 9. HP: 49/49 MP: 16/21
  7522 | D:7      | Found a staircase to the Ecumenical Temple.
  7859 | D:7      | Shot with an arrow by a centaur

Illustrated notes

Levels and vault maps discovered:
D:1:      dpeg_arrival_lava_temple_mockup, layout_basic
D:2:      layout_basic, shapermc_ecumenical_altar_starsandcircs, basic_altar,
          minivault_5, nicolae_concentric_dashed_squares_wild
D:3:      layout_loops_ring, mainiacjoe_overflow_catwalk
D:4:      layout_loops_cross, mainiacjoe_overflow_concentric_impassable,
          nicolae_ru_the_path_less_chosen, mainiacjoe_overflow_swirl,
          cheibrodos_sewer_entry_bend
D:5:      layout_gridville, mainiacjoe_overflow_six_doors_small, serial_shops,
          shop, uniq_ijyb, uniq_edmund, uniq_grinder
D:6:      layout_rooms, mainiacjoe_overflow_paths, doesnt_xom_only_xom,
          lemuel_round_altar
D:7:      layout_loops_ring, minmay_temple_entry_steel_oval,
          minmay_fire_ice_demons

Skill      XL: |  1  2  3  4  5  6  7  8  9 |
---------------+----------------------------+-----
Spellcasting   | 4 5 6 7 |  7.7
Conjurations   | 5 7 |  7.0
Stealth        | 3 4 5 7 |  7.0
Hexes          | 2 4 6 7 |  7.0
Translocations | 3 5 |  5.0
Fighting       | 2 3 |  3.0
Dodging        | |  2.4

Action                   |  1- 3 |  4- 6 |  7- 9 || total
-------------------------+-------+-------+-------++-------
 Fire: Hunting sling     |       |       |    17 ||    17
 Cast: Magic Dart        |    36 |    21 |     3 ||    60
       Searing Ray       |    13 |    36 |    29 ||    78
       Fulminant Prism   |       |     1 |    11 ||    12
       Iskenderun's Myst |       |       |     2 ||     2
  Use: Scroll            |       |     9 |     1 ||    10
Armor: Robe              |       |     2 |     7 ||     9
Dodge: Dodged            |     3 |     7 |    27 ||    37

Table legend: (Time is in decaauts)
 A = Elapsed time spent in this place.
 B = Non-inter-level travel time spent in this place.
 C = Inter-level travel time spent in this place.
 D = Time resting spent in this place.
 E = Time spent auto-exploring this place.
 F = Levels seen in this place.
 G = Mean time per level.
                   A        B        C        D        E       F      G
               +--------+--------+--------+--------+--------+-----+--------+
         Total |   7866 |   7609 |    257 |   3032 |   3768 |   8 |  983.2 |
       Dungeon |   7699 |   7442 |    257 |   2943 |   3754 |   7 | 1099.9 |
         Sewer |    166 |    166 |      0 |     89 |     14 |   1 |  166.0 |
               +--------+--------+--------+--------+--------+-----+--------+

Top non-repeatable levels by time:
     D:4: 1604 daAuts
     D:2: 1362 daAuts
     D:6: 1186 daAuts
     D:3: 1137 daAuts
     D:5: 1085 daAuts
     D:1: 739 daAuts
     D:7: 583 daAuts
   Sewer: 166 daAuts
